 Dungeon Sprint DCSS version 0.29.1-2-gbd0b4ee654 (webtiles) character file.

Game seed: 4265505148975985370

5280 Groucho the Gargoyle Aeon (level 10, -2/69 HPs)
             Began as a Gargoyle Fighter on Nov 16, 2022.
             Was the Champion of Cheibriados.
             Killed from afar by a lindwurm (31 damage)
             ... with a blast of flame
             ... in the Dungeon (Sprint VII: "The Pits").
             The game lasted 00:05:43 (2757 turns).

Groucho the Gargoyle Aeon (Gargoyle Fighter)        Turns: 2757, Time: 00:05:44

Health: -2/69      AC: 25    Str: 34    XL:     10   Next: 63%
Magic:  10/20      EV: 16    Int: 25    God:    Cheibriados [******]
Gold:   0          SH:  9    Dex: 34    Spells: 13/13 levels left

rFire   . . .      SeeInvis .   r - +1 broad axe (freeze)
rCold   . . .      Faith    .   c - +0 buckler
rNeg    + . .      Spirit   .   b - +3 plate armour
rPois   ∞          Reflect  .   (no helmet)
rElec   +          Harm     .   (no cloak)
rCorr   .          Rampage  .   (no gloves)
Will    .....      NoTele   +   (no boots)
Stlth   ..........              (no amulet)
HPRegen 0.21/turn               o - +3 ring of dexterity
MPRegen 0.17/turn               p - +3 ring of dexterity

@: very slow
A: sickness immunity, AC +7, negative energy resistance 1, electricity
resistance, torment resistance 1, petrification resistance
a: Renounce Religion, Bend Time, Temporal Distortion, Slouch, Step From Time


You were in the Dungeon.
You worshipped Cheibriados.
Cheibriados was exalted by your worship.
You visited 1 branch

Inventory:

Hand Weapons
 r - a +1 broad axe of freezing (weapon)
 s - a +2 morningstar of protection
Missiles
 l - 10 stones (quivered)
Armour
 b - a +3 plate armour (worn)
 c - a +0 buckler (worn)
Jewellery
 o - a +3 ring of dexterity (left hand)
 p - a +3 ring of dexterity (right hand)
Scrolls
 j - a scroll of blinking
Potions
 a - 7 potions of heal wounds
 d - 2 potions of might
 e - 8 potions of curing
 g - 2 potions of haste
 h - 3 potions of magic
 i - 5 potions of berserk rage
 k - 2 potions of invisibility
 q - a potion of brilliance


   Skills:
 + Level 11.0 Fighting
 * Level 9.3 Axes
 * Level 11.3 Armour
 + Level 8.0 Dodging
 + Level 11.1 Shields
 * Level 2.4 Spellcasting
 + Level 13.4 Invocations


You had 13 spell levels left.
You didn't know any spells.
Your spell library was empty.

Dungeon Overview and Level Annotations

Branches:
Dungeon (1/1)

Altars:
Ashenzari
Cheibriados
Dithmenos
Elyvilon
Fedhas
Gozag
Hepliaklqana
Kikubaaqudgha
Makhleb
Nemelex Xobeh
Okawaru
Qazlal
Ru
Sif Muna
Trog
Uskayaw
Vehumet
Wu Jian
Xom
Yredelemnul
Zin
The Shining One
Jiyva
Lugonu


Innate Abilities, Weirdness & Mutations

You are immune to sickness and miasma.
Your stone body is resilient. (AC +7)
You are immune to poison.
You resist negative energy. (rN+)
You are resistant to electric shocks. (rElec)
You are resistant to unholy torment.
You are immune to petrification.


Message History

You hit the freezing wraith.
The freezing wraith is moderately damaged.
The freezing wraith hits you. The freezing wraith freezes you!!
The freezing wraith hits you but does no damage.
You slash the freezing wraith!
The freezing wraith is heavily damaged.
You block the freezing wraith's attack.
The freezing wraith hits you but does no damage.
You slash the freezing wraith!
The freezing wraith is severely damaged.
You block the freezing wraith's attack. The freezing wraith hits you.
You closely miss the freezing wraith.
The freezing wraith is severely damaged.
You block the freezing wraith's attack. x2
The freezing wraith hits you but does no damage. x2
You completely miss the freezing wraith.
The freezing wraith is severely damaged.
You block the freezing wraith's attack. The freezing wraith misses you.
You slash the freezing wraith!
The freezing wraith is severely damaged.
The freezing wraith hits you. The freezing wraith freezes you!!
You block the freezing wraith's attack.
You are too injured to fight recklessly!
You are too injured to fight recklessly!
You are too injured to fight recklessly!
Activating: Slouch (0% risk of failure)
Press: ? - help, Dir - look around, f - activate You can feel time thicken for a moment.
You destroy the freezing wraith!
Cheibriados thoroughly appreciates the change of pace.
Your Fighting skill increases to level 11!
Unknown command.
Unknown command.
Unknown command.
Activating: Slouch (0% risk of failure)
Press: ? - help, Dir - look around, f - activate You can feel time thicken for a moment.
The lindwurm breathes flames at you. The blast of flame hits you!!
You die...

......##..)...# ..
......##..#÷..#..
......##..#...#.#####
########..#####.+...#
########........#...+
.#..[[##........#...#
.#..[[###'###...#...
.'..))##†.).'...#k###...
.#...)##††††#...@.......
.#..))##...†#...........
########################


You could see a lindwurm (catching breath).

Vanquished Creatures
  A merfolk avatar (D)
  A sixfirhy (D)
  A deep elf pyromancer (D)
  A smoke demon (D)
  A molten gargoyle (D)
  A gargoyle (D)
  An unseen horror (D)
  A freezing wraith (D)
  6 dream sheep (D)
  2 floating eyes (D)
  A swamp drake (D)
  A wolf (D)
  2 centaurs (D)
  A phantom (D)
  2 bullfrogs (D)
  A gnoll sergeant (D)
  A scorpion (D)
  5 killer bees (D)
  A crimson imp (D)
  2 jellies (D)
  An orc priest (D)
  2 orc wizards (D)
  6 gnolls (D)
  A river rat (D)
  2 adders (D)
  A worm (D)
  An orc (D)
  A bat skeleton (D)
  A bat zombie (D)
  An endoplasm (D)
  A kobold (D)
  A ball python (D)
  2 frilled lizards (D)
54 creatures vanquished.

Notes
Turn   | Place    | Note
-------+----------+-------------------------------------------
     0 | D        | Groucho the Gargoyle Fighter began the quest for the Orb.
     0 | D        | Reached XP level 1. HP: 14/14 MP: 1/1
    19 | D        | Reached skill level 1 in Dodging
    19 | D        | Reached XP level 2. HP: 4/20 MP: 2/2
   709 | D        | Found a bloodstained altar of Trog.
   709 | D        | Found a shimmering blue altar of Sif Muna.
   709 | D        | Found a viscous altar of Jiyva.
   709 | D        | Found a hazy altar of Hepliaklqana.
   709 | D        | Found an opulent altar of Gozag.
   710 | D        | Found a glowing golden altar of the Shining One.
   710 | D        | Found a glowing silver altar of Zin.
   710 | D        | Found a basalt altar of Yredelemnul.
   710 | D        | Found a shimmering altar of Xom.
   710 | D        | Found an ornate altar of the Wu Jian Council.
   710 | D        | Found a sacrificial altar of Ru.
   710 | D        | Found a stormy altar of Qazlal.
   710 | D        | Found an iron altar of Okawaru.
   710 | D        | Found a sparkling altar of Nemelex Xobeh.
   710 | D        | Found a burning altar of Makhleb.
   710 | D        | Found a blossoming altar of Fedhas.
   710 | D        | Found a white marble altar of Elyvilon.
   710 | D        | Found a shadowy altar of Dithmenos.
   710 | D        | Found a snail-covered altar of Cheibriados.
   712 | D        | Found a radiant altar of Vehumet.
   712 | D        | Found a corrupted altar of Lugonu.
   713 | D        | Found a hide-covered altar of Uskayaw.
   713 | D        | Found an ancient bone altar of Kikubaaqudgha.
   713 | D        | Found a broken altar of Ashenzari.
   723 | D        | Became a worshipper of Cheibriados the Contemplative
   738 | D        | Noticed a scorpion
   747 | D        | Killed a scorpion
   748 | D        | Reached skill level 5 in Fighting
   748 | D        | Reached skill level 5 in Armour
   748 | D        | Reached skill level 5 in Shields
   748 | D        | Reached XP level 3. HP: 23/26 MP: 3/3
   748 | D        | Reached XP level 4. HP: 28/31 MP: 4/4
   748 | D        | Reached * piety under Cheibriados
   756 | D        | Reached ** piety under Cheibriados
   853 | D        | Reached *** piety under Cheibriados
   865 | D        | Reached skill level 1 in Invocations
   867 | D        | Reached **** piety under Cheibriados
   937 | D        | Noticed a centaur
   938 | D        | Noticed a gnoll sergeant
   940 | D        | Killed a centaur
   940 | D        | Reached ***** piety under Cheibriados
   941 | D        | Reached skill level 5 in Invocations
   941 | D        | Reached XP level 5. HP: 37/37 MP: 0/8
   941 | D        | Reached XP level 6. HP: 42/42 MP: 0/9
   947 | D        | Reached ****** piety under Cheibriados
   948 | D        | Reached skill level 5 in Axes
   948 | D        | Reached skill level 6 in Invocations
   997 | D        | Noticed a deep elf pyromancer
  1001 | D        | Killed a deep elf pyromancer
  1002 | D        | Reached skill level 5 in Dodging
  1002 | D        | Reached skill level 8 in Invocations
  1002 | D        | Reached XP level 7. HP: 48/49 MP: 1/13
  1089 | D        | Reached skill level 9 in Invocations
  1089 | D        | Reached XP level 8. HP: 54/54 MP: 8/14
  1318 | D        | Noticed a merfolk avatar
  1327 | D        | Killed a merfolk avatar
  1328 | D        | Reached skill level 10 in Invocations
  1328 | D        | Reached XP level 9. HP: 60/60 MP: 1/17
  1824 | D        | Noticed a gargoyle
  1836 | D        | Killed a gargoyle
  1837 | D        | Reached skill level 11 in Invocations
  2068 | D        | Noticed a smoke demon
  2078 | D        | Killed a smoke demon
  2312 | D        | Noticed a molten gargoyle
  2314 | D        | Killed a molten gargoyle
  2315 | D        | Reached skill level 10 in Fighting
  2315 | D        | Reached skill level 10 in Armour
  2315 | D        | Reached skill level 10 in Shields
  2315 | D        | Reached skill level 12 in Invocations
  2560 | D        | Killed an unseen horror
  2561 | D        | Reached XP level 10. HP: 57/68 MP: 13/19
  2562 | D        | Reached skill level 13 in Invocations
  2736 | D        | Noticed a sixfirhy
  2738 | D        | Killed a sixfirhy
  2739 | D        | Reached skill level 1 in Spellcasting
  2745 | D        | Noticed a lindwurm
  2757 | D        | Killed from afar by a lindwurm

Illustrated notes

Levels and vault maps discovered:
D:        pitsprint [storerooms_1, entrance_room_1, metal_vault_8, armoury_1,
          mini_pit_1, grid_room_1, main_hall_1, silver_pit, the_coven_1,
          the_vestibule_1, steel_vault_5, golden_pit, hallway_of_sentries,
          crystal_vault_4, iron_vault_4, final_vault]

Skill      XL: |  1  2  3  4  5  6  7  8  9 10 |
---------------+-------------------------------+-----
Axes           | 2 3 4 6 7 8 9 |  9.3
Dodging        | 1 2 3 5 6 7 8 |  8.0
Fighting       | 5 6 8 9 10 11 | 11.0
Armour         | 5 6 8 9 10 11 | 11.3
Shields        | 5 6 8 9 10 11 | 11.1
Invocations    | 5 8 9 10 12 13 | 13.4
Spellcasting   | 2 |  2.4

Action                   |  1- 3 |  4- 6 |  7- 9 | 10-12 || total
-------------------------+-------+-------+-------+-------++-------
Melee: War axe           |     7 |       |       |       ||     7
       Hand axe          |     9 |    45 |     6 |       ||    60
       Broad axe         |       |       |    15 |    17 ||    32
Invok: Slouch            |       |     4 |     7 |     3 ||    14
  Use: Potion            |     1 |     1 |       |       ||     2
Armor: Scale mail        |     7 |    10 |       |       ||    17
       Chain mail        |       |     7 |     2 |       ||     9
       Plate armour      |       |       |     9 |     9 ||    18
Dodge: Dodged            |    12 |    25 |    15 |    10 ||    62
Block: Buckler           |     2 |     8 |    14 |     8 ||    32
